 Dungeon Crawl Stone Soup version 0.28-a0-124-g73ec313a74 (webtiles) character file.

Game seed: 14046827972276439927

9088 Ezendos the Fighter (level 11, 0/111 HPs)
             Began as a Naga Berserker on Aug 14, 2021.
             Was an Elder of Trog.
             Slain by an orc knight (21 damage)
             ... on level 1 of the Lair of Beasts.
             The game lasted 00:24:49 (10794 turns).

Ezendos the Fighter (Naga Berserker)               Turns: 10794, Time: 00:24:50

Health: 0/111      AC: 13    Str: 20    XL:     11   Next: 41%
Magic:  11/11      EV:  5    Int:  7    God:    Trog [****..]
Gold:   176        SH:  4    Dex: 14    Spells: 10/10 levels left

rFire   + . .      SeeInvis +   w - +0 trident (venom)
rCold   . . .      Faith    .   i - +0 buckler
rNeg    . . .      Spirit   .   e - +0 plate armour
rPois   +          Reflect  .   v - +0 helmet
rElec   .          Harm     .   l - +0 cloak
rCorr   .          Rampage  .   (no gloves)
Will    +++..                   (no barding)
Stlth   ..........              m - amulet of regeneration
HPRegen 2.28/turn               r - ring of protection from fire
MPRegen 0.12/turn               (no ring)

@: strong-willed, on berserk cooldown, regenerating, hasted, quick
A: AC +3, large, see invisible, deformed body, poison resistance, slowness 2,
spit poison 1, naga tail 1
a: Spit Poison, Renounce Religion, Berserk, Trog's Hand, Brothers in Arms


You were on level 1 of the Lair of Beasts.
You worshipped Trog.
Trog was greatly pleased with you.
You visited 2 branches of the dungeon, and saw 12 of its levels.
You also visited: Sewer.

You collected 419 gold pieces.
You spent 243 gold pieces at shops.

Inventory:

Hand Weapons
 s - a +2 trident of flaming
 w - a +0 trident of venom (weapon)
Armour
 e - a +0 plate armour (worn)
 i - a +0 buckler (worn)
 l - a +0 cloak (worn)
 v - a +0 helmet (worn)
Jewellery
 m - an amulet of regeneration (around neck)
 r - a ring of protection from fire (left hand)
Wands
 a - a wand of polymorph (20)
 t - a wand of paralysis (6)
 x - a wand of acid (11)
 y - a wand of iceblast (5)
 z - a wand of digging (6)
Scrolls
 b - a scroll of summoning
 c - 4 scrolls of blinking
 h - a scroll of fear
 n - 3 scrolls of enchant weapon
 p - 4 scrolls of teleportation
 A - a scroll of acquirement {unknown}
 D - 2 scrolls of identify
Potions
 d - 2 potions of brilliance {unknown}
 f - 3 potions of curing
 g - 3 potions of mutation {unknown}
 j - 2 potions of attraction
 k - a potion of haste
 o - a potion of flight
 q - 3 potions of lignification {unknown}
 u - a potion of might {unknown}
 B - a potion of magic {unknown}
 C - a potion of resistance {unknown}


   Skills:
 * Level 11.0 Fighting
 * Level 11.0 Polearms
 - Level 5.0 Armour
 - Level 5.0 Dodging
 - Level 3.0 Stealth
 - Level 2.4 Shields


You had 10 spell levels left.
You didn't know any spells.
Your spell library was empty.

Dungeon Overview and Level Annotations

Branches:
Dungeon (11/15)            Temple (0/1) D:4            Lair (1/6) D:10
    Orc (0/2) D:9           Sewer (visited)

Altars:
Elyvilon
Fedhas
Makhleb
Ru
Vehumet
The Shining One

Shops:
D:3 *   D:4 [   D:5 (   D:7 ?


Innate Abilities, Weirdness & Mutations

Your serpentine skin is tough. (AC +3)
You have supernaturally acute eyesight. (SInv)
Armour fits poorly on your strangely shaped body.
Your system is resistant to poisons. (rPois)
You cover ground very slowly.
You can spit poison.
You have a snake-like lower body.


Message History

You climb upwards.
Welcome back to the Dungeon!
The orc knight shouts!
You hear a shout!
The orc knight roars a battlecry!
There is a staircase to the Lair here.
There are monsters nearby!
You climb downwards.
Welcome back to the Lair of Beasts!
There is a staircase back to the Dungeon here.
You start resting.
HP restored.
You start waiting.
You feel yourself speed up.
You climb upwards.
Welcome back to the Dungeon!
The orc knight hits you with a +0 long sword!
The troll bites you. The troll claws you.
The troll claws you but does no damage. The orc knight barely misses you.
There is a staircase to the Lair, spattered with blood here.
The ogre shouts!
The troll bites you! The troll claws you. The troll claws you!
The orc knight hits you but does no damage.
You climb downwards.
Welcome back to the Lair of Beasts!
There is a staircase back to the Dungeon here.
You're still recovering from your berserk rage.
You fail to use your ability.
The troll bites you but does no damage. The troll claws you!
The troll claws you but does no damage.
The orc knight hits you but does no damage.
Your skin crawls.
You feel strong-willed. The troll bites you but does no damage.
The troll barely misses you. The troll claws you but does no damage.
The orc knight hits you with a +0 long sword!!
You closely miss the troll. The troll bites you but does no damage.
The troll claws you. The troll closely misses you.
The orc knight hits you with a +0 long sword!!
* * * LOW HITPOINT WARNING * * *
Okay, then.
You feel yourself speed up. You block the troll's attack. The troll claws you.
* * * LOW HITPOINT WARNING * * *
The troll barely misses you.
The orc knight hits you with a +0 long sword!!
You die...

# ####### .#.
#...o@### ....
#.P..#.T+.#
..... #..
#.#...##...... .
#.#.#.........
.......#........
##+######......(
#...... #P.###
###


You could see an orc knight and a troll.

Vanquished Creatures
  2 two-headed ogres
  Pikel (D:4)
  A komodo dragon (Lair:1)
  A hornet (D:8)
  A troll (D:7)
  Grinder (D:4)
  2 shadows
  A wraith (D:10)
  7 yaks
  4 wyverns
  2 basilisks (D:10)
  2 wargs
  4 water moccasins
  Purgy (D:4)
  3 black bears
  4 orc warriors
  A sky beast (D:6)
  3 centaurs
  2 ogres (D:6)
  A lemure (D:4)
  2 kobold brigands
  2 bullfrogs
  A gnoll sergeant (D:7)
  A wyvern zombie (D:7)
  5 killer bees (D:10)
  A water moccasin skeleton (D:7)
  2 howler monkeys (D:10)
  A bullfrog zombie (D:5)
  4 centaur zombies
  8 orc priests
  Crazy Yiuf (D:2)
  A gnoll shaman (D:7)
  3 jellies
  A hound (D:5)
  5 iguanas
  Jessica (D:2)
  Ijyb (D:5)
  8 orc wizards
  Natasha (D:4)
  A hound skeleton (D:4)
  A howler monkey zombie (D:8)
  A howler monkey skeleton (D:7)
  10 gnolls
  7 adders
  A shadow imp (D:6)
  3 white imps
  An ufetubus (D:5)
  2 adder skeletons
  An adder zombie (D:5)
  2 worms (D:2)
  4 dart slugs
  35 orcs
  6 endoplasms
  2 giant cockroaches
  10 goblins
  6 hobgoblins
  10 jackals
  3 quokkas
  8 ball pythons
  9 bats
  4 frilled lizards
  12 kobolds
  7 rats
239 creatures vanquished.

Vanquished Creatures (collateral kills)
  An orc wizard (D:9)
  An orc (D:9)
2 creatures vanquished.

Vanquished Creatures (others)
  2 plants (Lair:1)
2 creatures vanquished.

Grand Total: 243 creatures vanquished

Notes
Turn   | Place    | Note
-------+----------+-------------------------------------------
     0 | D:1      | Ezendos the Naga Berserker began the quest for the Orb.
     0 | D:1      | Reached XP level 1. HP: 21/21 MP: 1/1
   117 | D:1      | Reached XP level 2. HP: 25/28 MP: 2/2
   335 | D:1      | Reached skill level 1 in Stealth
   570 | D:1      | Found a faded altar of an unknown god.
   672 | D:1      | Reached XP level 3. HP: 34/34 MP: 3/3
   767 | D:1      | Reached ** piety under Trog
  1630 | D:2      | Reached XP level 4. HP: 42/42 MP: 4/4
  1685 | D:2      | Noticed Jessica
  1694 | D:2      | Killed Jessica
  1991 | D:2      | Found a runed translucent door.
  1992 | D:2      | Noticed Crazy Yiuf
  2161 | D:2      | Killed Crazy Yiuf
  2162 | D:2      | Reached XP level 5. HP: 50/50 MP: 5/5
  2281 | D:3      | Found Jotteaj's General Store.
  2289 | D:3      | Bought a scroll of teleportation for 30 gold pieces
  2289 | D:3      | Bought a potion of flight for 30 gold pieces
  2319 | D:3      | Found a sacrificial altar of Ru.
  3097 | D:3      | Reached XP level 6. HP: 36/58 MP: 6/6
  3764 | D:4      | Reached *** piety under Trog
  3816 | D:4      | Found a staircase to the Ecumenical Temple.
  3854 | D:4      | Found a glowing drain.
  3863 | Sewer    | Entered a sewer
  4235 | Sewer    | Noticed a water moccasin
  4246 | Sewer    | Killed a water moccasin
  4247 | Sewer    | Reached skill level 5 in Fighting
  4247 | Sewer    | Reached skill level 5 in Polearms
  4247 | Sewer    | Reached XP level 7. HP: 67/67 MP: 7/7
  4436 | D:4      | Found Iqeamuol's Armour Shop.
  4444 | D:4      | Bought a +0 buckler for 45 gold pieces
  4453 | D:4      | Noticed Grinder
  4498 | D:4      | Killed Grinder
  4499 | D:4      | Reached skill level 1 in Shields
  4681 | D:4      | Noticed Pikel
  4698 | D:4      | Killed Pikel
  4699 | D:4      | Reached XP level 8. HP: 76/76 MP: 8/8
  4749 | D:4      | Identified the +1 leather armour of Yguwunaf {rElec rC-
                  | Will+}
  4787 | D:4      | Noticed Natasha
  4801 | D:4      | Killed Natasha
  5064 | D:4      | Noticed Purgy
  5077 | D:4      | Killed Purgy
  5442 | D:5      | Entered Level 5 of the Dungeon
  5835 | D:5      | Noticed a wyvern
  5846 | D:5      | Killed a wyvern
  5847 | D:5      | Reached XP level 9. HP: 85/85 MP: 9/9
  5949 | D:5      | Found Bisakhli's Antique Weapon Emporium.
  5978 | D:5      | Noticed Ijyb
  5992 | D:5      | Killed Ijyb
  6050 | D:5      | Found a blossoming altar of Fedhas.
  7063 | D:7      | Found Moov's Magic Scroll Shoppe.
  7078 | D:7      | Bought a scroll of fear for 42 gold pieces
  7078 | D:7      | Bought a scroll of teleportation for 36 gold pieces
  7230 | D:3      | Bought a potion of attraction for 30 gold pieces
  7230 | D:3      | Bought a scroll of teleportation for 30 gold pieces
  7580 | D:7      | Reached XP level 10. HP: 87/97 MP: 10/10
  7751 | D:7      | Reached skill level 5 in Dodging
  7848 | D:7      | Reached skill level 5 in Armour
  8046 | D:8      | Paralysed by a hornet for 1 turns
  8258 | D:8      | Identified the +7 trident of the Unspeakable One {vorpal,
                  | *Corrode +Rage rElec rF-}
  8713 | D:9      | Reached **** piety under Trog
  8900 | D:9      | Found a white marble altar of Elyvilon.
  8904 | D:9      | Noticed a two-headed ogre
  8912 | D:9      | Killed a two-headed ogre
  8913 | D:9      | Reached skill level 10 in Fighting
  9048 | D:9      | Found a staircase to the Orcish Mines.
  9155 | D:9      | Found a flagged portal.
  9174 | D:8      | Reached skill level 10 in Polearms
  9585 | D:9      | Reached XP level 11. HP: 109/109 MP: 11/11
  9810 | D:10     | Entered Level 10 of the Dungeon
  9810 | D:10     | Found a staircase to the Lair.
  9869 | D:10     | Noticed a two-headed ogre
  9889 | D:10     | Killed a two-headed ogre
  9925 | Lair:1   | Entered Level 1 of the Lair of Beasts
 10591 | D:10     | Found a radiant altar of Vehumet.
 10591 | D:10     | Found a glowing golden altar of the Shining One.
 10591 | D:10     | Found a burning altar of Makhleb.
 10623 | D:11     | Noticed an orc knight
 10794 | Lair:1   | Slain by an orc knight

Illustrated notes

Levels and vault maps discovered:
D:1:      wheals_arrival_linesprint, layout_loops_ring,
          ebering_ecumenical_altar_box, minmay_cut_off
D:2:      layout_basic, uniq_crazy_yiuf_cottage, uniq_jessica
D:3:      layout_basic, mainiacjoe_overflow_paths, serial_shops, shop,
          kennysheep_nondescript
D:4:      layout_basic, temple_pool_b, serial_shops,
          nicolae_shop_competitors_out_of_business, portal_sewer_entry_d,
          uniq_natasha, uniq_grinder, uniq_purgy, uniq_pikel
D:5:      layout_basic, fedhas_bush_and_centaur_altar, serial_shops, shop,
          due_unseen_surprise, uniq_ijyb
D:6:      layout_rooms, serial_glass, glass_columns_a, glass_columns_b
D:7:      layout_rooms, serial_shops, shop
D:8:      layout_loops_ring
D:9:      layout_gridville, mainiacjoe_overflow_alcove_1,
          minmay_orc_entry_guard_dogs, enter_bailey_3, kennysheep_cross_room,
          roderic_malta_cross, minmay_orc_keep
D:10:     layout_irregular_city, gammafunk_temple_overflow_claw,
          david_lair_generic
D:11:     layout_loops_corners, portal_ice_cave_entry_ice_simulacra,
          biasface_ghost_orc_armoury
Lair:1:   layout_roguey, grunt_megastairs_3

Skill      XL: |  1  2  3  4  5  6  7  8  9 10 11 |
---------------+----------------------------------+-----
Stealth        | 1 2 3 |  3.0
Armour         | 2 3 4 5 |  5.0
Dodging        | 2 3 4 5 |  5.0
Fighting       | 4 5 6 8 10 11 | 11.0
Polearms       | 4 5 6 8 10 11 | 11.0
Shields        | 2 |  2.4

Action                   |  1- 3 |  4- 6 |  7- 9 | 10-12 || total
-------------------------+-------+-------+-------+-------++-------
Melee: Spear             |    93 |   192 |    99 |       ||   384
       Trident           |       |       |   241 |   364 ||   605
Invok: Berserk           |     1 |     3 |    18 |    11 ||    33
       Trog's Hand       |       |       |     6 |     5 ||    11
 Abil: Spit Poison       |    18 |    22 |     6 |     3 ||    49
  Use: Scroll            |     3 |     6 |     1 |     6 ||    16
       Potion            |       |       |       |     1 ||     1
 Stab: Sleeping          |     3 |     1 |       |       ||     4
Armor: Animal skin       |    23 |     7 |       |       ||    30
       Leather armour    |       |    21 |       |       ||    21
       Chain mail        |       |    47 |   131 |       ||   178
       Plate armour      |       |       |    20 |   230 ||   250
Dodge: Dodged            |    63 |    61 |    70 |    97 ||   291
Block: Buckler           |       |       |    40 |    77 ||   117

Table legend: (Time is in decaauts)
 A = Elapsed time spent in this place.
 B = Non-inter-level travel time spent in this place.
 C = Inter-level travel time spent in this place.
 D = Time resting spent in this place.
 E = Time spent auto-exploring this place.
 F = Levels seen in this place.
 G = Mean time per level.
                   A        B        C        D        E       F      G
               +--------+--------+--------+--------+--------+-----+--------+
         Total |  13821 |  12603 |   1218 |   1294 |   8280 |  13 | 1063.2 |
       Dungeon |  13260 |  12044 |   1216 |   1222 |   7918 |  11 | 1205.5 |
          Lair |     72 |     71 |      1 |     37 |      4 |   1 |   72.0 |
         Sewer |    487 |    487 |      0 |     34 |    357 |   1 |  487.0 |
               +--------+--------+--------+--------+--------+-----+--------+

Top non-repeatable levels by time:
     D:4: 1887 daAuts
     D:2: 1658 daAuts
     D:3: 1594 daAuts
     D:1: 1451 daAuts
     D:5: 1425 daAuts
     D:9: 1416 daAuts
    D:10: 1159 daAuts
     D:8: 1103 daAuts
     D:7: 897 daAuts
     D:6: 660 daAuts
   Sewer: 487 daAuts
  Lair:1: 72 daAuts
    D:11: 5 daAuts
